 Seeded DCSS version 0.28.0-62-gf88900778d (webtiles) character file.

Game seed: 14352712127547868932 (custom seed)

98 cbfl8 the Skirmisher (level 4, -1/35 HPs)
             Began as a Demonspawn Fighter on July 2, 2023.
             Slain by a worm (6 damage)
             ... on level 3 of the Dungeon.
             The game lasted 00:03:02 (2172 turns).

cbfl8 the Skirmisher (Demonspawn Fighter)           Turns: 2172, Time: 00:03:02

Health: -1/35      AC:  6    Str: 17    XL:     4   Next: 43%
Magic:  5/5        EV:  9    Int:  9    God:
Gold:   120        SH:  9    Dex: 14    Spells: 3/3 levels left

rFire   + . .      SeeInvis .   a - +0 war axe
rCold   x . .      Faith    .   c - +0 buckler
rNeg    . . .      Spirit   .   b - +0 scale mail
rPois   .          Reflect  .   (no helmet)
rElec   .          Harm     .   (no cloak)
rCorr   .          Rampage  .   (no gloves)
Will    .....                   (no boots)
Stlth   ..........              (no amulet)
HPRegen 0.11/turn               h - ring of fire
MPRegen 0.09/turn               (no ring)

@: weak-willed, very slow
A: condensation shield, weakness stinger 1
a: no special abilities


You were on level 3 of the Dungeon.
You visited 1 branch of the dungeon, and saw 3 of its levels.

You collected 120 gold pieces.

Inventory:

Hand Weapons
 a - a +0 war axe (weapon)
Armour
 b - a +0 scale mail (worn)
 c - a +0 buckler (worn)
Jewellery
 h - a ring of fire (left hand)
Scrolls
 f - a scroll of enchant armour
 g - a scroll of holy word


   Skills:
 + Level 3.1 Fighting
 * Level 2.6 Axes
 + Level 3.0 Armour
 * Level 1.0 Dodging
 * Level 1.1 Stealth
 + Level 2.9 Shields
 * Level 1.7 Invocations
 * Level 0.8 Evocations


You had 3 spell levels left.
You didn't know any spells.
Your spell library contained the following spells:

 Spells                   Type           Power      Damage    Failure   Level
 Shock                    Conj/Air       0%         1d3       87%         1
 Swiftness                Air            0%         N/A       99%         3
 Airstrike                Air            0%         N/A       100%        4


Dungeon Overview and Level Annotations

Branches:
Dungeon (3/15)

Altars:


Innate Abilities, Weirdness & Mutations

A meltable shield of frost defends you. (SH +4)
You have a small tail.


Message History

Unknown command.
You are too injured to fight recklessly!
Unknown command.
As you read the scroll labelled NEYTAC ZADAUXT, it crumbles to dust.
Magic quickly surges around you.
It was a scroll of vulnerability.
You feel sick. The adder closely misses you.
You aren't carrying any potions.
Your unstable footing causes you to fumble your attack.
You feel sick. You block the adder's attack. The worm closely misses you.
You block the adder's attack.
Your unstable footing causes you to fumble your attack.
You feel sick.
You are no longer poisoned.
The adder barely misses you. The worm bites you but does no damage.
Unknown command.
Your unstable footing causes you to fumble your attack.
The adder bites you but does no damage. You block the adder's attack.
The worm splashes around in the water.
Unknown command.
You slash the adder! You tail-slap the adder.
The adder is almost dead.
You hit the worm but do no damage. You block the adder's attack.
The adder bites you but does no damage. You block the worm's attack.
Unknown command.
You hit the adder but do no damage. You tail-slap the adder.
You kill the adder!
You hit the worm. The worm bites you!
* * * LOW HITPOINT WARNING * * *
Unknown command.
Your unstable footing causes you to fumble your attack.
You hit the worm but do no damage.
The worm is lightly wounded.
The worm barely misses you.
Your unstable footing causes you to fumble your attack.
The worm bites you.
* * * LOW HITPOINT WARNING * * *
You slash the worm!
The worm is heavily wounded.
The worm bites you.
You die...

........##≈######≈##
#######.#≈≈≈≈≈†≈≈≈≈#
#.#≈≈≈####†≈≈#
#.##≈##≈≈##≈##
#.##≈# .≈≈#≈# #.##≈#
≈≈≈#≈#
#.##≈##≈≈##≈##
#.#≈≈†#w≈#≈≈≈#
#.#≈≈≈@≈≈#≈≈≈#
#.##≈######≈##
#..###....#.#
##.....##...#
############


You could see a worm (weak-willed).

Vanquished Creatures
  3 gnolls (D:2)
  2 adders
  4 dart slugs
  3 bats
  An endoplasm (D:1)
  2 giant cockroaches
  3 goblins (D:1)
  2 hobgoblins (D:2)
  2 kobolds
  4 quokkas (D:3)
  8 ball pythons
  2 frilled lizards
  3 rats
39 creatures vanquished.

Vanquished Creatures (collateral kills)
  2 ball pythons (D:2)
  2 goblins (D:2)
  A rat (D:2)
5 creatures vanquished.

Vanquished Creatures (others)
  18 plants (D:2)
18 creatures vanquished.

Grand Total: 62 creatures vanquished

Notes
Turn   | Place    | Note
-------+----------+-------------------------------------------
     0 | D:1      | cbfl8 the Demonspawn Fighter began the quest for the Orb.
     0 | D:1      | Reached XP level 1. HP: 18/18 MP: 1/1
   168 | D:1      | Gained mutation: A meltable shield of frost defends you.
                  | (SH +4) [demonic ancestry]
   168 | D:1      | Reached XP level 2. HP: 24/24 MP: 2/2
   509 | D:1      | Reached skill level 1 in Invocations
  1212 | D:2      | Gained mutation: You have a small tail. [demonic ancestry]
  1212 | D:2      | Reached XP level 3. HP: 29/29 MP: 4/4
  1459 | D:2      | Identified the +1 falchion "Conservator" {freeze, rPois
                  | rC+}
  1473 | D:2      | Reached skill level 1 in Stealth
  1817 | D:2      | Reached XP level 4. HP: 35/35 MP: 5/5
  2059 | D:3      | Reached skill level 1 in Dodging
  2172 | D:3      | Slain by a worm

Illustrated notes

Levels and vault maps discovered:
D:1:      saegor_arrival_fortress, layout_loops_ring,
          hangedman_abyss_or_decor_stabs, wander_ebering_terrifying_dragon_lair
D:2:      layout_rooms, nicolae_ecumenical_lake_church,
          chequers_serial_rivers_micro_b, serial_bayou_ford_a,
          nicolae_grassy_gnolls
D:3:      kennysheep_slugbush, layout_loops_ring,
          mainiacjoe_overflow_large_starburst, gup_sewer_entry_bubbles

Skill      XL: |  1  2  3  4 |
---------------+-------------+-----
Axes           | 2 |  2.6
Invocations    | 1 |  1.7
Armour         | 3 |  3.0
Stealth        | 1 |  1.1
Dodging        | 1 |  1.0
Fighting       | |  3.1
Shields        | |  2.9
Evocations     | |  0.8

Action                   |  1- 3 |  4- 6 || total
-------------------------+-------+-------++-------
Melee: War axe           |    69 |    48 ||   117
       Tailslap          |     5 |     4 ||     9
  Use: Scroll            |     6 |     1 ||     7
       Potion            |     1 |       ||     1
Armor: Scale mail        |    22 |    19 ||    41
Dodge: Dodged            |    32 |    21 ||    53
Block: Buckler           |    28 |    35 ||    63
